 Dungeon Crawl Stone Soup version 0.17-a0-2093-gc772f4b (webtiles) character file.

67 derrpe the Magician (level 4, -1/27 HPs)
             Began as a High Elf Wizard on Oct 16, 2015.
             Slain by a gnoll
             ... wielding a +0 halberd
              (11 damage)
             ... on level 2 of the Dungeon.
             The game lasted 00:04:49 (2008 turns).

derrpe the Magician (High Elf Wizard)               Turns: 2008, Time: 00:04:50

Health: -1/27      AC:  2    Str:  6    XL:     4   Next: 0%
Magic:  2/11       EV: 12    Int: 22    God:
Gold:   86         SH:  0    Dex: 14    Spells: 4 memorised, 3 levels left

rFire  + . .     SeeInvis .     j - +3 short sword (drain)
rCold  . . .     Clarity  .     a - +0 robe
rNeg   . . .     SustAt   .     (no shield)
rPois  +         Gourm    .     b - +0 hat
rElec  .         Spirit   .     (no cloak)
rCorr  .         Warding  .     (no gloves)
rMut   .         Stasis   .     (no boots)
MR     .....                    (no amulet)
Stlth  ++........               q - ring of poison resistance
                                l - ring of protection from fire

@: very slightly contaminated, not resistant to hostile enchantments, unstealthy
A: no striking features
a: no special abilities


You were on level 2 of the Dungeon.
You were not hungry.

You visited 1 branch of the dungeon, and saw 2 of its levels.

You collected 86 gold pieces.

Inventory:

Hand Weapons
 j - a +3 short sword of draining (weapon)
Armour
 a - a +0 robe (worn)
 b - a +0 hat (worn)
Jewellery
 l - a ring of protection from fire (left hand)
 q - a ring of poison resistance (right hand)
Wands
 o - a wand of slowing (11)
Scrolls
 e - 2 scrolls of fear {unknown}
 f - 5 scrolls of identify {unknown}
 g - a scroll of remove curse {unknown}
 h - a scroll of enchant weapon {unknown}
 i - a scroll of fog {unknown}
Potions
 m - a potion of ambrosia {unknown}
 n - 2 potions of invisibility {unknown}
 s - a potion of degeneration {unknown}
Books
 c - a book of Minor Magic

   Spells                             Type                      Level
   a - Magic Dart                     Conjuration                  1
   b - Blink                          Translocation                2
   c - Call Imp                       Summoning                    2
   d - Repel Missiles                 Charms/Air                   2
   e - Slow                           Hexes                        2
   f - Conjure Flame                  Conjuration/Fire             3
   g - Mephitic Cloud                 Conjuration/Poison/Air       3
Comestibles
 d - a bread ration {@e1}
 k - a meat ration {@e2}
 p - a beef jerky
 r - a chunk of flesh {@w0}


   Skills:
 - Level 2.1 Dodging
 - Level 2.1 Stealth
 + Level 4.1 Spellcasting
 * Level 3.7 Conjurations
   Level 0.8 Summonings
 - Level 1.1 Translocations
 * Level 0.0 Air Magic
 * Level 0.0 Poison Magic


You had 3 spell levels left.
You knew the following spells:

 Your Spells              Type           Power        Failure   Level  Hunger
a - Magic Dart            Conj           ###.         2%          1    None
b - Blink                 Tloc           N/A          12%         2    #......
c - Repel Missiles        Chrm/Air       #.....       17%         2    #......
d - Mephitic Cloud        Conj/Pois/Air  ##......     21%         3    ##.....


Dungeon Overview and Level Annotations

Branches:
Dungeon (2/15)

Altars:
Dithmenos
Qazlal


Message History

Casting: Magic Dart
Confirm with . or Enter, or press ? or * to list all spells.
Aiming: Magic Dart
Press: ? - help, Shift-Dir - straight line, f/p - gnoll
Aim: a gnoll (severely wounded)
The magic dart hits the gnoll.
The gnoll is almost dead.
The gnoll hits you. The gnoll barely misses you.
Casting: Magic Dart
Confirm with . or Enter, or press ? or * to list all spells.
Aiming: Magic Dart
Press: ? - help, Shift-Dir - straight line, f/p - gnoll
Aim: a gnoll (almost dead)
The magic dart hits the gnoll.
The gnoll is almost dead.
The gnoll hits you. The gnoll misses you. The gnoll hits you.
There is an open door here.
The gnoll hits you.
The gnoll hits you from afar with a halberd!
You die...

#.....#####....(...# #...##....#.
#..............##### #...#######.
#..............# #.........#.
#..............# ####....####.#.
#..........................<.....
#..............#######....##.#.#.
#.####...............#....##.#.#.
#.# #...............##†#.##.#.#.
#.# ###.....##.@....##.#.##.#.##
#.# #)....##..gg..##.#....#..
#+######.....##....g.##.########
.............##......##........
.......[.............'.......##
...................).#######.#
.....................#
........###....####### ........#
#....#


You could see 3 gnolls.

Vanquished Creatures
  2 adders (D:2)
  2 oozes (D:1)
  3 giant geckos (D:2)
  A giant cockroach (D:1)
  3 goblins
  8 hobgoblins
  2 jackals (D:1)
  A quokka (D:2)
  5 bats
  2 giant newts
  6 kobolds
  2 rats
37 creatures vanquished.

Notes
Turn   | Place    | Note
--------------------------------------------------------------
     0 | D:1      | derrpe the High Elf Wizard began the quest for the Orb.
     0 | D:1      | Reached XP level 1. HP: 11/11 MP: 6/6
   216 | D:1      | Reached XP level 2. HP: 17/17 MP: 3/7
   885 | D:1      | Reached skill level 4 in Spellcasting
  1033 | D:1      | Reached XP level 3. HP: 21/21 MP: 5/9
  1536 | D:2      | Found a shadowy altar of Dithmenos.
  1713 | D:2      | Found a stormy altar of Qazlal.
  1755 | D:2      | Learned a level 2 spell: Blink
  1758 | D:2      | Learned a level 2 spell: Repel Missiles
  1762 | D:2      | Learned a level 3 spell: Mephitic Cloud
  1764 | D:2      | Noticed an earth elemental
  1992 | D:2      | Reached XP level 4. HP: 27/27 MP: 8/11
  2008 | D:2      | Slain by a gnoll

Vault maps used:
D:1:      minmay_arrival_diagonal_passages
D:2:      grunt_dithmenos_smoke, nicolae_qazlal_style_of_elements, first_bread,
          minmay_misc_feat_alley, uniq_jessica

Action                   |  1- 3 |  4- 6 || total
-------------------------+-------+-------++-------
Melee: Short sword       |     1 |       ||     1
 Cast: Magic Dart        |    91 |     8 ||    99
  Eat: Chunk             |     3 |       ||     3
